[Event "Late-Titled-Tuesday-Blitz-November-28-2023"]
[Site "Chess.com"]
[Date "2023.11.28"]
[Round "1"]
[White "Sulthankan"]
[Black "Sl4werThanYou"]
[Result "0-1"]
[WhiteElo "2362"]
[BlackElo "2684"]
[TimeControl "180+1"]
[EndTime "14:07:25 PST"]
[Termination "Sl4werThanYou won on time"]

1. d4 d5 2. c4 e6 3. Nf3 Nf6 4. g3 Be7 5. Bg2 O-O 6. O-O a5 7. Qc2 Nc6 8. Rd1 dxc4 9. Qxc4 a4 10. Nc3 a3 11. bxa3 Bxa3 12. Bxa3 Rxa3 13. Nb5 Ra6 14. Ne5 Bd7 15. Rac1 Na5 16. Qa4 Be8 17. Qb4 Bxb5 18.
Qxb5 c6 19. Qb4 Nd7 20. e3 Re8 21. Bf1 Ra7 22. Nc4 Nxc4 23. Bxc4 Qa5 24. Qd6 Nf6 25. Rb1 Rd8 26. Qe5 Qa4 27. Bb3 Qa3 28. e4 h6 29. d5 cxd5 30. exd5 Qa5 31. Rbc1 exd5 32. Rc7 Qb5 33. Qe7 Rf8 34. Qd6 Ne8 35. Qe7 Nxc7 36.
Qxc7 Qc6 37. Qe7 Ra5 38. Re1 Rc5 39. Re5 Qc7 0-1

[Event "Late-Titled-Tuesday-Blitz-November-28-2023"]
[Site "Chess.com"]
[Date "2023.11.28"]
[Round "1"]
[White "familijatop71"]
[Black "NikolasTheiss"]
[Result "0-1"]
[WhiteElo "2310"]
[BlackElo "2624"]
[TimeControl "180+1"]
[EndTime "14:07:25 PST"]
[Termination "NikolasTheiss won on time"]

1. e4 c5 2. c3 Nf6 3. e5 Nd5 4. Nf3 Nc6 5. d4 cxd4 6. Bc4 Nb6 7. Bb3 d5 8. exd6 Qxd6 9. O-O Be6 10. Na3 Bxb3 11. Qxb3 Qd5 12. Nb5 O-O-O 13. Nxa7+ Nxa7 14. Qxb6 Nc6 15. Nxd4 Nxd4 16. cxd4 Qxd4 17. Qa5 Qd5 18. Qa7 e6 19. Bf4 Bd6 20. Rfd1 Bxf4 21. Rxd5 Rxd5 22. Qa8+ Bb8 23. Rc1+ Kd7 24. Qxb7+ Kd6 25.
g3 Rf8 26. Rc6+ Ke5 27. f4+ Kf6 28. Rc8 Rxc8 29. Qxc8 Ba7+ 30. Kg2 Rd2+ 31. Kh3 Bd4 32. Qd8+ Kf5 33. Qg5+ Ke4 34. f5 Rxb2 35. Qf4+ Kd5 36.
fxe6 fxe6 37. Qg5+ Be5 38. Qd8+ Ke4 39. a4 Kf5 40. a5 g5 41. a6 g4+ 0-1

[Event "Late-Titled-Tuesday-Blitz-November-28-2023"]
[Site "Chess.com"]
[Date "2023.11.28"]
[Round "1"]
[White "PNEPaul"]
[Black "Goffredo_Fofi"]
[Result "0-1"]
[WhiteElo "1865"]
[BlackElo "2509"]
[TimeControl "180+1"]
[EndTime "14:07:25 PST"]
[Termination "Goffredo_Fofi won on time"]

1. e4 c5 2. d4 cxd4 3. c3 d3 4.
Bxd3 Nc6 5. Bc4 Nf6 6. Qe2 d6 7. Nf3 Bg4 8. O-O e6 9. Bg5 Be7 10. Rd1 Qc7 11. Na3 a6 12. Bd3 Ne5 13. Bc2 O-O 14.
Bf4 Bxf3 15. gxf3 Ng6 16. Bg3 Nh5 17. Rac1 Rfd8 18. Nb1 Bg5 19. Nd2 Nhf4 20. Qf1 Ne5 21.
Bxf4 Bxf4 22. Qg2 d5 23. exd5 Rxd5 24. Ne4 Bxh2+ 25. Kh1 Bf4 26. Nf6+ Kf8 27. Nxd5 exd5 28. Rb1 Qc6 29. Qh3 d4 30. Be4 Qf6 31. Rg1 h6 32. cxd4 Nc6 33. Qg4 Nxd4 34. Rbd1 Ne6 35. Rg2 Ng5 36.
Kg1 Rb8 37. Rd7 g6 38. Rxb7 Rxb7 39. Bxb7 Be5 40. Be4 Bd4 0-1

[Event "Late-Titled-Tuesday-Blitz-November-28-2023"]
[Site "Chess.com"]
[Date "2023.11.28"]
[Round "1"]
[White "bazar-wokzal"]
[Black "FM_Kappeler"]
[Result "1-0"]
[WhiteElo "2632"]
[BlackElo "2328"]
[TimeControl "180+1"]
[EndTime "14:07:27 PST"]
[Termination "bazar-wokzal won by resignation"]

1. e4 c5 2. c3 d6 3. d4 Nf6 4. Bd3 g6 5. Ne2 Bg7 6. O-O O-O 7. h3 a6 8. Be3 cxd4 9. cxd4 b5 10. Nbc3 Bb7 11. d5 Nbd7 12. Nd4 Ne5 13. Be2 Rc8 14.
Rc1 b4 15. Na4 Nxe4 16. Rxc8 Qxc8 17. Qb1 Nc5 18. Rc1 Bxd5 19. Nxc5 dxc5 20. Nb3 c4 21.
Na5 Qa8 22. f3 Rc8 23. Qc2 c3 24. bxc3 Rxc3 25. Qd2 Qc8 26. Rxc3 Qxc3 27. Qxc3 bxc3 28. a4 Nc6 29. Nxc6 Bxc6 30. a5 c2 31. Bc1 Bd4+ 32. Kf1 Bb5 33. Bxb5 axb5 34. Ke2 b4 35. Kd3 Bc5 36. Kxc2 Kf8 37. Kb3 Ke8 38. Kc4 Bd6 39. a6 Bb8 40. Be3 Kd7 41. a7 Bxa7 42. Bxa7 Ke6 43.
Kxb4 Kf5 44. Be3 e5 45. Kc4 e4 46. g4+ Ke5 47. f4+ Ke6 48. Kd4 f5 49. g5 Kd6 50.
Kc4 Kc6 51. Bc5 Kd7 52. Kd5 Ke8 53. Ke6 1-0

[Event "Late-Titled-Tuesday-Blitz-November-28-2023"]
[Site "Chess.com"]
[Date "2023.11.28"]
[Round "1"]
[White "szefru"]
[Black "Hilary46"]
[Result "0-1"]
[WhiteElo "2332"]
[BlackElo "2638"]
[TimeControl "180+1"]
[EndTime "14:07:28 PST"]
[Termination "Hilary46 won by resignation"]

1. e4 e5 2. Nf3 Nc6 3. Bb5 a6 4. Ba4 Nf6 5. Qe2 b5 6. Bb3 Be7 7. O-O O-O 8. c3 d5 9. d3 Re8 10. Rd1 d4 11. Nbd2 h6 12. Nf1 Bf8 13. Ng3 Na5 14.
Bc2 c5 15. Nh4 Nc6 16. Nhf5 Kh7 17. Nh5 Nxh5 18. Qxh5 g6 19. Qf3 gxf5 20. exf5 Qf6 21. g4 Bb7 22. Qh3 Bd6 23. Kf1 Rg8 24. g5 Rxg5 25. Bxg5 Qxg5 26. Ke2 Ne7 27. Bb3 Nd5 28. Bxd5 Bxd5 29. Rg1 Qf6 30. Qh5 e4 31. Rg4 exd3+ 32. Kxd3 dxc3 33. Rag1 cxb2 34. Rg7+ Qxg7 35. Rxg7+ Kxg7 36. Qg4+ Kf8 37. Kc2 Be5 38. f4 Bf6 39. Qh5 Be4+ 40.
Kd2 b1=Q 41. Qxh6+ Bg7 42. Qd6+ Kg8 43. f6 Qd3+ 44.
Qxd3 Bxd3 45. fxg7 Bc4 46. h4 Kxg7 0-1

[Event "Late-Titled-Tuesday-Blitz-November-28-2023"]
[Site "Chess.com"]
[Date "2023.11.28"]
[Round "1"]
[White "qeeqer"]
[Black "sansanathalia"]
[Result "1-0"]
[WhiteElo "2550"]
[BlackElo "2179"]
[TimeControl "180+1"]
[EndTime "14:07:28 PST"]
[Termination "qeeqer won on time"]

1. b3 Nf6 2. Bb2 d5 3. e3 e6 4. f4 Be7 5. Nf3 O-O 6. Bd3 b6 7. O-O Bb7 8. Ne5 Nbd7 9. Rf3 d4 10. Rh3 Nxe5 11. fxe5 Qd5 12. Qe2 Ne4 13. Bxd4 Ng5 14.
Rg3 c5 15. Bb2 Ne4 16. Bxe4 Qxe4 17. Nc3 Qc6 18. Qh5 Rfd8 19. Rf1 g6 20. d3 Qc7 21.
Qh6 Bf8 22. Qf4 Bg7 23. Ne4 Bxe4 24. Qxe4 Rd5 25. c4 Rdd8 26. Rgf3 Rab8 27. Rxf7 Qxf7 28. Rxf7 Kxf7 29. d4 cxd4 30. exd4 Re8 31. d5 Rbd8 32.
d6 Rd7 33. b4 Rc8 34. a3 Kg8 35. Qg4 Kf7 36. Qe2 Kg8 37. Bd4 Rb7 38. h3 1-0

[Event "Late-Titled-Tuesday-Blitz-November-28-2023"]
[Site "Chess.com"]
[Date "2023.11.28"]
[Round "1"]
[White "TanitoluwaAps116"]
[Black "semchik73"]
[Result "0-1"]
[WhiteElo "2699"]
[BlackElo "2400"]
[TimeControl "180+1"]
[EndTime "14:07:30 PST"]
[Termination "semchik73 won by checkmate"]

1. e4 Nf6 2. e5 Nd5 3. c4 Nb6 4. d4 d6 5. f4 dxe5 6. fxe5 Nc6 7. Be3 Bf5 8. Nc3 e6 9. Nf3 Bg4 10. Be2 Bxf3 11. gxf3 Qh4+ 12. Bf2 Qf4 13. c5 Nd5 14.
Nxd5 exd5 15. Qd2 Qf5 16. Be3 Be7 17. O-O-O O-O-O 18. Rhg1 g6 19. Bd3 Qxf3 20. Rdf1 Qh3 21. Rxf7 Rdf8 22. Rg7 Rhg8 23. Rxg8 Rxg8 24. Rg3 Qh4 25.
Bf5+ Kb8 26. Rh3 gxf5 27. Rxh4 Bxh4 28. Qd3 Ne7 29. Bf4 Rg4 30. Qf3 Ng6 31. Bg3 Bg5+ 32. Kc2 Ne7 33. e6 Rxd4 34. Qh5 Rd2+ 35. Kc3 d4+ 36. Kc4 h6 37. Qe8+ Nc8 38. Qd7 Rc2+ 39. Kb4 a5+ 40. Kb5 f4 41. Bxf4 Bxf4 42. e7 Rxb2+ 43. Ka4 Rb4+ 44. Ka3 Bc1# 0-1

[Event "Late-Titled-Tuesday-Blitz-November-28-2023"]
[Site "Chess.com"]
[Date "2023.11.28"]
[Round "1"]
[White "Dinamo81"]
[Black "2346PL"]
[Result "1-0"]
[WhiteElo "2686"]
[BlackElo "2362"]
[TimeControl "180+1"]
[EndTime "14:07:30 PST"]
[Termination "Dinamo81 won by resignation"]

1. d4 d6 2. e4 Nf6 3. Nc3 e5 4. Nf3 Nbd7 5. Rg1 g6 6. g4 Bg7 7.
g5 Nh5 8. Be3 c6 9. Qd2 O-O 10.
a4 a5 11. O-O-O Qe7 12. Bc4 Re8 13. dxe5 Nxe5 14. Nxe5 dxe5 15. Qd6 Qxd6 16. Rxd6 Bf8 17. Rd2 Nf4 18. Rgd1 Bg4 19. Rg1 Be6 20. Bxe6 Nxe6 21. Rd7 Re7 22. Rgd1 Nf4 23. Rxe7 Bxe7 24. Rd7 Bxg5 25.
Rxb7 Ra6 26. b3 Ne6 27. Bxg5 Nxg5 28. Kd1 Nf3 29. Ke2 Nd4+ 30. Kd3 h5 31. Nd1 h4 32. h3 c5 33. Ne3 Rf6 34. Ng4 Rf3+ 35. Kc4 Nxc2 36. Kxc5 Nd4 37. Nxe5 Rxb3 38. Rxf7 Rb4 39. Rf6 Nb3+ 40. Kd5 Rd4+ 41. Ke6 Rxe4 42. Rxg6+ Kh7 43. Rg4 Rxg4 44. hxg4 Nc5+ 45. Kf7 h3 46. Nf3 Ne4 47. g5 h2 48. g6+ Kh6 49. Nxh2 Ng5+ 50. Kf6 Ne4+ 51.
Kf5 Nd6+ 52. Ke6 Ne4 53. f3 Nc5+ 54. Kf6 Nxa4 55. Ng4+ Kh5 56. g7 1-0

[Event "Late-Titled-Tuesday-Blitz-November-28-2023"]
[Site "Chess.com"]
[Date "2023.11.28"]
[Round "1"]
[White "ckgchess"]
[Black "mistrzemi"]
[Result "1-0"]
[WhiteElo "2856"]
[BlackElo "2437"]
[TimeControl "180+1"]
[EndTime "14:07:31 PST"]
[Termination "ckgchess won by resignation"]

1. e4 e5 2. Nf3 Nc6 3. Bc4 Nf6 4. d3 Be7 5. a4 O-O 6. O-O d5 7. exd5 Nxd5 8. Re1 Qd6 9. Nbd2 Nb6 10. Bb5 f6 11. a5 Nd5 12. a6 bxa6 13. Ne4 Qe6 14. Bc4 Rd8 15. d4 Bb7 16. Nc3 Ncb4 17. dxe5 Kh8 18. Ne4 Qb6 19. Qe2 Bf8 20. c3 Nc6 21. exf6 gxf6 22. Bxd5 Rxd5 23. Nxf6 Rf5 24. Nd7 Qb3 25.
Qe4 Qf7 26. Nde5 Nxe5 27. Nxe5 Qd5 28. Qxd5 Bxd5 29. Be3 Bd6 30. Rad1 Bb7 31. Bd4 Kg8 32. Nc4 Raf8 33. Nxd6 cxd6 34. Re7 R5f7 35. Rde1 Bd5 36. f3 Rxe7 37. Rxe7 Rf7 38. Re8+ Rf8 39. Re1 Kf7 40. Ra1 Rb8 41. b4 Bc4 42. Bxa7 Re8 43. Rd1 d5 44. Rd4 h5 45. Rf4+ Kg6 46. Bd4 Re6 47. h4 Rc6 48. Kf2 Re6 49. Kg3 Rc6 50. Rf8 Re6 51.
Rg8+ Kh7 52. Rh8+ Kg6 53. Kf4 Bf1 54. g3 Kf7 55. Rxh5 Rg6 56. Rxd5 1-0

[Event "Late-Titled-Tuesday-Blitz-November-28-2023"]
[Site "Chess.com"]
[Date "2023.11.28"]
[Round "1"]
[White "FairChess_on_YouTube"]
[Black "slorovel"]
[Result "1-0"]
[WhiteElo "3087"]
[BlackElo "2499"]
[TimeControl "180+1"]
[EndTime "14:07:33 PST"]
[Termination "FairChess_on_YouTube won by resignation"]

1. d4 Nf6 2. c4 e6 3. Nc3 d5 4. cxd5 exd5 5. Bg5 Be7 6. e3 c6 7. Bd3 O-O 8. Qc2 h6 9. Bh4 Re8 10. Nge2 a5 11. O-O Na6 12. a3 Nc7 13. Rae1 Ne6 14. f3 b5 15. Kh1 b4 16. Na4 Ba6 17. Bxa6 Rxa6 18. e4 dxe4 19. fxe4 Ng4 20. Bxe7 Qxe7 21. Qd3 Qh4 22. Qg3 Qxg3 23. hxg3 bxa3 24. bxa3 Ng5 25.
Nec3 Ra7 26. Nc5 Rae7 27. Rf4 Nf6 28. Kh2 Nd5 29. exd5 Rxe1 30. dxc6 Rc1 31. Nd5 Ne6 32. Re4 Kf8 33. Nd7+ Kg8 34. Nc5 Kf8 35. Nd7+ Kg8 36.
Nf4 Nc7 37. Rxe8+ Nxe8 38. d5 Rc3 39. a4 Rc4 40. Nb6 Rb4 41. Nc8 Rb8 42. Na7 Rb4 43.
Nb5 Rxa4 44. d6 Kf8 45. Nd5 Rc4 46. d7 1-0

[Event "Late-Titled-Tuesday-Blitz-November-28-2023"]
[Site "Chess.com"]
[Date "2023.11.28"]
[Round "1"]
[White "BogdanDeac"]
[Black "ural58"]
[Result "1-0"]
[WhiteElo "3006"]
[BlackElo "2483"]
[TimeControl "180+1"]
[EndTime "14:07:33 PST"]
[Termination "BogdanDeac won by resignation"]

1. b3 e5 2. Bb2 Nc6 3. Nf3 e4 4. Nd4 Nxd4 5. Bxd4 c5 6. Bb2 d5 7. e3 a6 8. d3 exd3 9. Bxd3 Nf6 10. Qf3 Be7 11. O-O Be6 12. Nd2 Qc8 13. c4 Qc6 14. Rac1 Rd8 15. Qe2 O-O 16. Nf3 dxc4 17. bxc4 Bg4 18.
Rfd1 Bxf3 19. Qxf3 Qxf3 20. gxf3 g6 21. Rb1 Rd7 22. Be2 Rfd8 23. Rxd7 Rxd7 24. Bc3 Ne8 25. a4 Bf6 26. Be1 Kg7 27. Kf1 h6 28. f4 g5 29.
fxg5 hxg5 30. Bf3 Be5 31. Rxb7 Rc7 32. h3 Kf6 33. Ba5 Rc8 34. Bd5 Nd6 35. Rb6 Rh8 36. Kg2 Rh4 37. Rxa6 Kf5 38. Be1 Nxc4 39. Bxf7 g4 40. hxg4+ Rxg4+ 41. Kf1 Nd6 42. Bd5 Rb4 43. Bxb4 cxb4 44. Ke2 Bc3 45. Rxd6 1-0

[Event "Late-Titled-Tuesday-Blitz-November-28-2023"]
[Site "Chess.com"]
[Date "2023.11.28"]
[Round "1"]
[White "AleksanderHnydiuk"]
[Black "Hikaru"]
[Result "0-1"]
[WhiteElo "2504"]
[BlackElo "3219"]
[TimeControl "180+1"]
[EndTime "14:07:34 PST"]
[Termination "Hikaru won on time"]

1. e4 a6 2. d4 e6 3. Bd3 d5 4.
e5 c5 5. c3 Bd7 6. Nf3 Bb5 7. O-O Bxd3 8. Qxd3 Qb6 9. dxc5 Qxc5 10. Be3 Qc7 11. Nbd2 Nc6 12. c4 Nge7 13. Rac1 Rd8 14.
Bc5 Ng6 15. Bxf8 Kxf8 16. cxd5 Rxd5 17. Qe4 Ngxe5 18. Nxe5 Qxe5 19. Qxe5 Rxe5 20. Nc4 Rd5 21. Nb6 Rd8 22. b4 g6 23. a4 Kg7 24. b5 axb5 25. axb5 Nd4 26. Rc7 Nxb5 27. Rxb7 Rb8 28. Rxb8 Rxb8 29.
Nd7 Rc8 30. g3 Rc2 31. Rb1 Nd4 32. Rb7 Re2 33. Kg2 g5 34. h4 gxh4 35. gxh4 Re4 36.
Kg3 Nf5+ 37. Kf3 Rxh4 38. Ne5 Nh6 39. Kg3 Ra4 40. f4 Ra8 41. Kf3 Kf6 42. Ke4 Ra4+ 43. Kf3 Kf5 44. Nxf7 Rxf4+ 45. Ke2 Ng4 46. Nd6+ Ke5 47.
Nf7+ Kd5 48. Nd8 h6 49. Rd7+ Ke5 50. Nf7+ Kf6 51. Nd6 Rf2+ 52. Ke1 Ra2 53. Rf7+ Ke5 54.
Nc4+ Ke4 55. Re7 e5 56. Nd6+ Kd3 57. Kf1 h5 58. Kg1 h4 59. Nf7 Ke4 0-1

[Event "Late-Titled-Tuesday-Blitz-November-28-2023"]
[Site "Chess.com"]
[Date "2023.11.28"]
[Round "1"]
[White "mbojan"]
[Black "SHIVACalypso"]
[Result "1-0"]
[WhiteElo "2877"]
[BlackElo "2445"]
[TimeControl "180+1"]
[EndTime "14:07:36 PST"]
[Termination "mbojan won by resignation"]

1. e4 c6 2. d3 d5 3. Nf3 dxe4 4.
dxe4 Qxd1+ 5. Kxd1 Bg4 6. Nd2 e6 7. Be2 Nf6 8. Ne1 Bxe2+ 9. Kxe2 Bc5 10. f3 Nbd7 11. Nd3 Bb6 12. a4 Nc5 13. a5 Nxd3 14.
axb6 Nxc1+ 15. Rhxc1 a6 16. Nc4 O-O 17. Rd1 Rfd8 18.
Na5 Rd7 19. b4 Kf8 20. c4 Ke7 21. Rxd7+ Nxd7 22. c5 Rb8 23. Rd1 Ne5 24. f4 Nd7 25. Ke3 Ke8 26. Rd6 Ke7 27. e5 Ke8 28. g4 g6 29. h4 Nf8 30. Ke4 h6 31. Rd1 Ke7 32. Rh1 h5 33. f5 hxg4 34. f6+ Ke8 35. Rg1 Nd7 36. Rxg4 Nf8 37. Rg1 Nd7 38. Rh1 Nf8 39. Rh2 Nh7 40. h5 Nf8 41. hxg6 Nxg6 42. Rh1 Kf8 43. Re1 Ke8 44. Kf3 Nh4+ 45. Kg4 Ng6 46. Nc4 Rd8 47. Nd6+ Rxd6 48. exd6 Kd7 49. Kg5 e5 50. Kf5 Kd8 51. Rxe5 Nxe5 52. Kxe5 Kd7 53. Kf5 Kd8 54. Kg5 Kd7 55. Kh6 Ke6 56. Kg7 Kd7 57.
Kxf7 a5 58. bxa5 Kc8 59. Ke6 Kd8 60. f7 Kc8 61. f8=N 1-0

[Event "Late-Titled-Tuesday-Blitz-November-28-2023"]
[Site "Chess.com"]
[Date "2023.11.28"]
[Round "1"]
[White "Jahonas"]
[Black "Rodalquilar"]
[Result "0-1"]
[WhiteElo "2400"]
[BlackElo "2737"]
[TimeControl "180+1"]
[EndTime "14:07:38 PST"]
[Termination "Rodalquilar won by resignation"]

1. e4 d5 2. exd5 Qxd5 3. Nc3 Qa5 4. Nf3 Nf6 5. Be2 Bf5 6. d3 c6 7. O-O e6 8. Bf4 Nbd7 9. a3 Be7 10. Bg3 h6 11. Nd4 Bh7 12. b4 Qb6 13. Nb3 O-O 14.
Kh1 Nd5 15. Na4 Qd8 16. Bf3 Bf6 17. d4 N5b6 18. Nac5 Nxc5 19. bxc5 Nd5 20. c4 Ne7 21. Bd6 Re8 22. Qd2 Nf5 23. Rfd1 Nxd6 24. cxd6 Qxd6 25. Na5 Qc7 26. Qb4 Rab8 27. Rac1 Bxd4 28. c5 e5 29. Nc4 Red8 30. Nd6 b6 31. Ne4 bxc5 32. Qc4 Qe7 33. h3 Bf5 34. Nxc5 Bxc5 35. Rxd8+ Rxd8 36. Qxc5 Qxc5 37. Rxc5 Bd7 38. Rxe5 Rc8 39. Re7 Be6 40. Rxa7 c5 41. Bb7 Rc7 42. Ra8+ Kh7 43. Be4+ g6 44. a4 c4 45. a5 c3 46. Bc2 Rb7 47.
a6 Rb2 48. Be4 c2 49. Bxc2 Rxc2 50. a7 Ra2 51. f4 Kg7 52. Kg1 Bd5 53. Rd8 Bxg2 54.
Rd2 Rxd2 0-1

[Event "Late-Titled-Tuesday-Blitz-November-28-2023"]
[Site "Chess.com"]
[Date "2023.11.28"]
[Round "1"]
[White "falzehope0"]
[Black "CSB7"]
[Result "0-1"]
[WhiteElo "2379"]
[BlackElo "2704"]
[TimeControl "180+1"]
[EndTime "14:07:38 PST"]
[Termination "CSB7 won by resignation"]

1. d4 Nf6 2. e3 g6 3. Bd3 Bg7 4. f4 O-O 5. Nf3 d6 6. O-O c5 7. c3 Nc6 8. Bc2 b6 9. d5 Na5 10. e4 e6 11. Na3 exd5 12. exd5 Re8 13. c4 a6 14. Bd2 Ne4 15. Bxa5 bxa5 16. Rb1 Bf5 17.
Kh1 Rb8 18. Bb3 Qf6 19. Nc2 h5 20. Ne3 Nf2+ 21. Rxf2 Bxb1 22. Qc1 Bf5 23. Nxf5 Qxf5 24. h3 Re7 25. Kh2 Qf6 26. Qd2 a4 27. Bxa4 Rxb2 28. Qxb2 Qxb2 29. Rxb2 Bxb2 30. Bc6 Re4 31. Bb7 a5 32. Ba6 Rxf4 33. Kg3 Re4 34. Kf2 Bd4+ 35. Kf1 Kf8 36. Bb5 Re3 37. a4 Ke7 38. Kf2 Ra3+ 39. Nxd4 cxd4 40. Ke2 Kf6 41. g4 Rxh3 42. gxh5 Rxh5 43.
Kd3 Ke5 44. Be8 Rh3+ 45. Kc2 Rc3+ 46. Kb2 Rxc4 47. Bxf7 g5 48. Kb3 Rb4+ 49. Ka3 g4 50. Bh5 g3 51. Bf3 Kf4 52. Bg2 Ke3 53.
Bh3 d3 54. Bg2 d2 55. Bf3 Kxf3 56. Ka2 d1=Q 0-1

[Event "Late-Titled-Tuesday-Blitz-November-28-2023"]
[Site "Chess.com"]
[Date "2023.11.28"]
[Round "1"]
[White "Njal28"]
[Black "EvilMorty23"]
[Result "1-0"]
[WhiteElo "2997"]
[BlackElo "2479"]
[TimeControl "180+1"]
[EndTime "14:07:39 PST"]
[Termination "Njal28 won on time"]

1. e4 e6 2. d4 d5 3. exd5 exd5 4. Nf3 Bd6 5. c4 dxc4 6. Bxc4 Nf6 7. Qe2+ Qe7 8.
Qxe7+ Kxe7 9. O-O Rd8 10. Nc3 h6 11. Re1+ Kf8 12. Ne5 Bxe5 13. dxe5 Ne8 14. Be3 Nc6 15. f4 Be6 16. Bxe6 fxe6 17. Ne4 b6 18. a3 Nd4 19. Rac1 c5 20. b4 cxb4 21. axb4 Nb3 22. Rc6 Kf7 23. g4 Rac8 24. Rxc8 Rxc8 25. f5 Rc4 26.
Bf2 Nd4 27. Kg2 Nc2 28. Re2 Nxb4 29. h3 Nd5 30. Bg3 Nc3 31. Rc2 Rxe4 32. Rxc3 Re2+ 33. Kf3 Ra2 34. Rc6 exf5 35. gxf5 Ra3+ 36. Kg2 Ra2+ 37.
Kf1 Ra1+ 38. Ke2 Ra2+ 39. Kd1 Ra1+ 40. Kc2 Ra3 41. Bh4 b5 42. Rc8 b4 43. e6+ Kf8 44. Be1 a5 45. Kb2 Rxh3 46. Bf2 Rh2 47. Rc2 a4 48. Bc5+ Kg8 49. Rxh2 Nf6 50. Bxb4 1-0

[Event "Late-Titled-Tuesday-Blitz-November-28-2023"]
[Site "Chess.com"]
[Date "2023.11.28"]
[Round "1"]
[White "FuenfgegenWilly"]
[Black "Elsa167"]
[Result "0-1"]
[WhiteElo "2467"]
[BlackElo "2916"]
[TimeControl "180+1"]
[EndTime "14:07:39 PST"]
[Termination "Elsa167 won by resignation"]

1. e4 c6 2. Nc3 d5 3. Qe2 dxe4 4. Nxe4 Bf5 5. g4 Bxe4 6. Qxe4 Nf6 7. Qe2 Qd5 8. f3 Nbd7 9. Bg2 g6 10. f4 Qd6 11.
d3 Bg7 12. Nh3 h5 13. g5 Ng4 14. Nf2 Qb4+ 15. Kf1 Nxf2 16. Qxf2 O-O 17. c3 Qb5 18. Be4 Nc5 19. Kg2 Nxe4 20. dxe4 Rfd8 21. Be3 Qa4 22.
b3 Qxe4+ 23. Qf3 Qxf3+ 24. Kxf3 Bxc3 25. Rac1 Bd2 26. Rc2 Bxe3 27. Kxe3 Rd6 28. b4 Rad8 29. Rhc1 Rd3+ 30. Kf2 R3d4 31. b5 Rd2+ 32. Ke3 Rxc2 33. Rxc2 Rd6 34. a4 cxb5 35. axb5 Rb6 36. Rc5 e6 37. Kd4 a6 38. bxa6 bxa6 39. Rc7 Kg7 40. Ra7 Rb4+ 41. Ke5 Ra4 42. h4 a5 43. Ra8 Ra1 44.
Kd6 Ra4 45. Ke5 Ra1 46. Kd6 Rf1 47. Ke5 Re1+ 48. Kd6 Re4 49. f5 exf5 50. Rxa5 Rxh4 51. Re5 Rd4+ 52. Ke7 Re4 0-1

[Event "Late-Titled-Tuesday-Blitz-November-28-2023"]
[Site "Chess.com"]
[Date "2023.11.28"]
[Round "1"]
[White "wannabe2700"]
[Black "KorolDimitriy75"]
[Result "1-0"]
[WhiteElo "2612"]
[BlackElo "2310"]
[TimeControl "180+1"]
[EndTime "14:07:39 PST"]
[Termination "wannabe2700 won on time"]

1. e4 c5 2. Nf3 d6 3. Bb5+ Nd7 4. d4 Nf6 5. Nc3 cxd4 6. Qxd4 g6 7. O-O Bg7 8. e5 dxe5 9. Nxe5 O-O 10. Rd1 Qc7 11.
Bf4 Nh5 12. Nxg6 Nxf4 13. Qxf4 Qxf4 14. Nxf4 Nf6 15. Ncd5 Nxd5 16. Nxd5 e6 17. Ne7+ Kh8 18.
c3 a6 19. Be2 b5 20. Bf3 Ra7 21. Nxc8 Rxc8 22. a4 bxa4 23. Rxa4 Rb8 24. Ra2 Bf6 25. g3 Kg7 26. Rd6 a5 27. Bd1 Rab7 28. Rd2 Rb5 29. Ba4 Rc5 30. Rd3 h6 31. h4 Rb6 32. Kf1 Re5 33.
c4 Rc5 34. b3 Rc7 35. Bb5 Ra7 36. Rad2 Rbb7 37. Rd6 Rc7 38. R2d3 Bb2 39. Rd8 Ba3 40. Kg2 Bc5 41. Rf3 Rcb7 42. Rf4 Rc7 43. Rg4+ Kf6 44.
Rh8 Ke7 45. Rxh6 Rcb7 46. Rh7 Rb6 47. Rf4 Kd6 48. Rfxf7 Rxf7 49. Rxf7 Ke5 50. h5 Rb8 51. h6 Rh8 52. h7 Bd4 53. g4 Kd6 54. g5 Kc5 55. g6 Kb4 56. g7 Bxg7 57. Rxg7 Kxb3 58.
c5 Kb4 59. c6 Kxb5 60. c7 Kb6 61. Rg8 Rxh7 62. c8=Q Rb7 63. Rg3 1-0

[Event "Late-Titled-Tuesday-Blitz-November-28-2023"]
[Site "Chess.com"]
[Date "2023.11.28"]
[Round "1"]
[White "NateSolon"]
[Black "Godzillator"]
[Result "1-0"]
[WhiteElo "2681"]
[BlackElo "2354"]
[TimeControl "180+1"]
[EndTime "14:07:40 PST"]
[Termination "NateSolon won by resignation"]

1. d4 d5 2. Bf4 c5 3. e3 cxd4 4. exd4 Nc6 5. Nf3 Nf6 6. Nbd2 Bf5 7. Bb5 a6 8. Bxc6+ bxc6 9. Ne5 Qb6 10. Nb3 e6 11. g4 Be4 12. f3 Bg6 13. h4 h5 14.
g5 Nd7 15. Nxg6 fxg6 16. Qe2 Kf7 17. O-O-O a5 18. Rhe1 Re8 19. a4 Bb4 20. Bd2 Kg8 21. Qd3 Kh7 22. f4 Rhf8 23. Re2 Rf5 24. Rde1 Nf8 25.
Kb1 Rc8 26. Bxb4 Qxb4 27. Nc5 Rb8 28. b3 Re8 29. Ka2 Rxf4 30. Nxe6 Rxe6 31. Rxe6 Nxe6 32. Rxe6 Rf5 33. Rxc6 Qe1 34. Ra6 Qxh4 35. Rxa5 Qxg5 36. Ra8 Qg1 37. a5 Rf1 38. Ka3 Ra1+ 39. Kb4 Qe1+ 40.
Qc3 Qc1 41. a6 Qa3+ 42. Kb5 Rc1 43. Qb4 Qxb4+ 44. Kxb4 Rxc2 45. a7 Rc7 46. Rh8+ Kxh8 47. a8=Q+ Kh7 48. Qxd5 h4 49. Qg5 Rb7+ 50. Kc3 h3 51.
Qh4+ Kg8 52. Qxh3 Rc7+ 53. Kd3 1-0

[Event "Late-Titled-Tuesday-Blitz-November-28-2023"]
[Site "Chess.com"]
[Date "2023.11.28"]
[Round "1"]
[White "Matthew_Clarke"]
[Black "Zorbos"]
[Result "0-1"]
[WhiteElo "2249"]
[BlackElo "2579"]
[TimeControl "180+1"]
[EndTime "14:07:40 PST"]
[Termination "Zorbos won on time"]

1. e4 c5 2. Nf3 d6 3. Bb5+ Bd7 4.
Bxd7+ Nxd7 5. O-O Ngf6 6. Re1 g6 7. c3 Bg7 8. d4 cxd4 9. cxd4 d5 10. e5 Ne4 11. Nbd2 Nxd2 12. Bxd2 O-O 13. Qb3 e6 14. Qxb7 Nb6 15. b3 a5 16. Rec1 a4 17.
Rc7 Rb8 18. Qc6 axb3 19. axb3 Na8 20. Rca7 Qc8 21. Qd6 Re8 22. Ng5 Bf8 23. Qa6 Qxa6 24. R1xa6 Be7 25. h4 h6 26. Nf3 Kg7 27. b4 Nb6 28. g3 Nc4 29. Be1 Bxb4 30. Bxb4 Rxb4 31. Rc6 Rb3 32. Kg2 Rb2 33. Rcc7 Rf8 34. g4 Ne3+ 35. Kg3 Nd1 36. h5 g5 37. Re7 Nxf2 38. Rxe6 Ne4+ 39. Kh3 Rb3 40. Kg2 Rc8 0-1

[Event "Late-Titled-Tuesday-Blitz-November-28-2023"]
[Site "Chess.com"]
[Date "2023.11.28"]
[Round "1"]
[White "Angry_Twin"]
[Black "The_Straightforward_Rook"]
[Result "1-0"]
[WhiteElo "2940"]
[BlackElo "2472"]
[TimeControl "180+1"]
[EndTime "14:07:42 PST"]
[Termination "Angry_Twin won by resignation"]

1. e4 c6 2. d4 d5 3. e5 Bf5 4. Nf3 e6 5. Be2 Nd7 6. O-O a5 7. Nbd2 a4 8. Re1 h5 9. Nf1 Nh6 10. c4 Be7 11. h3 g5 12. Ne3 g4 13. hxg4 hxg4 14. Nh2 Bb4 15. Bd2 Bxd2 16. Qxd2 Qh4 17.
Nef1 Be4 18. cxd5 Bxd5 19. Qf4 Nf5 20. Bxg4 O-O-O 21. f3 Rdg8 22. g3 Qh7 23. Re2 Bc4 24. Rf2 Nh6 25. Ne3 Nxg4 26. Nexg4 Rg7 27. b3 Bd5 28.
bxa4 Qd3 29. a5 Rgh7 30. Rc1 Nf8 31. Qe3 Qf5 32. a6 bxa6 33. Qa3 Nd7 34. Qxa6+ Kd8 35. Qa8+ Ke7 36. Qa3+ Ke8 37. Rb2 Bxf3 38. Nf6+ Kd8 39. Qa5+ Ke7 40. Qa3+ Kd8 41. Nxh7 Rxh7 42. Qxf3 Qxf3 43.
Nxf3 Ke7 44. Rxc6 Rg7 45. Kf2 Rg8 46. Rc7 Ra8 47. Rbb7 Rd8 48. Rxd7+ Rxd7 49. Rxd7+ Kxd7 50. Ng5 1-0

[Event "Late-Titled-Tuesday-Blitz-November-28-2023"]
[Site "Chess.com"]
[Date "2023.11.28"]
[Round "1"]
[White "GMJustin"]
[Black "Mikhail_Golubev"]
[Result "1-0"]
[WhiteElo "2324"]
[BlackElo "2592"]
[TimeControl "180+1"]
[EndTime "14:07:42 PST"]
[Termination "GMJustin won on time"]

1. d4 Nf6 2. c4 g6 3. Nc3 Bg7 4. e4 d6 5. Nf3 O-O 6. Be2 e5 7. Be3 h6 8. O-O Ng4 9. Bc1 Na6 10. d5 f5 11. exf5 gxf5 12. g3 Qe8 13. Nh4 Nf6 14. f4 e4 15. Be3 Nc5 16. b4 Nd3 17. Bxd3 exd3 18. Qxd3 Bd7 19. Bd4 Qh5 20. Rae1 Rae8 21. a4 Rxe1 22. Rxe1 Re8 23. Rxe8+ Qxe8 24. Qe2 Qf7 25. b5 a6 26. Qd2 Bf8 27. Kf1 Be7 28. Qd3 Ng4 29. Nf3 Qh5 30. Qe2 Kf8 31. Qg2 Qf7 32. h3 Nf6 33. Qe2 Nh5 34. Qf2 Qg6 35.
Ne2 axb5 36. axb5 Qe8 37. Bc3 Qa8 38. Nfd4 Qa4 39. Qf3 Nf6 40. Qd3 Ne4 41. Ne6+ Bxe6 42. dxe6 b6 43. Bd4 Qa2 44. g4 Bh4 45. Kg2 1-0